 Dungeon Crawl Stone Soup version 0.28-a0-655-g4eb62b627b (webtiles) character file.

Game seed: 1134723232300791586

343 cheechan the Sneak (level 6, -4/43 HPs)
             Began as an Octopode Monk on Oct 12, 2021.
             Slain by a gnoll (12 damage)
             ... on level 4 of the Dungeon.
             The game lasted 00:17:16 (3916 turns).

cheechan the Sneak (Octopode Monk)                  Turns: 3916, Time: 00:17:16

Health: -4/43      AC:  1    Str: 10    XL:     6   Next: 57%
Magic:  6/6        EV: 12    Int: 18    God:
Gold:   139        SH:  8    Dex: 17    Spells: 5/5 levels left

rFire   . . .      SeeInvis .   a - +1 short sword (vorpal)
rCold   . . .      Faith    .   h - +0 kite shield
rNeg    . . .      Spirit   .   (helmet restricted)
rPois   .          Reflect  .   (no amulet)
rElec   .          Harm     .   i - +6 ring of intelligence
rCorr   .          Rampage  .   (no ring)
Will    .....                   (no ring)
Stlth   ++++......              (no ring)
HPRegen 0.14/turn               (no ring)
MPRegen 0.10/turn               (no ring)
                                (no ring)
                                (no ring)

@: no status effects
A: almost no armour, amphibious, 8 rings, camouflage 1, gelatinous body 1,
(nimble swimmer 1), tentacles
a: no special abilities


You were on level 4 of the Dungeon.
You visited 1 branch of the dungeon, and saw 4 of its levels.

You collected 139 gold pieces.

Inventory:

Hand Weapons
 a - a +1 vorpal short sword (weapon)
 g - a +0 dagger
 j - a +0 hunting sling
 l - a +0 trident
Missiles
 c - 134 stones (quivered)
 d - 7 arrows
Armour
 h - a +0 kite shield (worn)
Magical Staves
 e - a staff of conjuration
Jewellery
 i - a +6 ring of intelligence (left tentacle)
Potions
 b - 2 potions of might
 f - 3 potions of ambrosia
 k - 2 potions of curing {unknown}
 m - a potion of flight {unknown}
 n - a potion of brilliance {unknown}


   Skills:
 + Level 3.9 Fighting
 + Level 4.9 Short Blades
 + Level 3.7 Dodging
 + Level 5.4 Stealth
 + Level 1.4 Shields


You had 5 spell levels left.
You didn't know any spells.
Your spell library contained the following spells:

 Spells                   Type           Power      Damage    Failure   Level
 Beastly Appendage        Tmut           0%         N/A       77%         1
 Wereblood                Tmut           0%         N/A       88%         2
 Spider Form              Tmut/Pois      0%         N/A       98%         3
 Borgnjor's Revivificati  Necr           0%         N/A       100%        8
 Necromutation            Tmut/Necr      0%         N/A       100%        8
 Death's Door             Necr           0%         N/A       100%        9


Dungeon Overview and Level Annotations

Branches:
Dungeon (4/15)
 Temple: D:4-7

Altars:
Beogh


Innate Abilities, Weirdness & Mutations

You cannot wear most types of armour.
You are amphibious.
You can wear up to eight rings at the same time.
Your skin changes colour to match your surroundings (Stealth+).
Your rubbery body absorbs attacks. (AC +1, EV +1)
((You are camouflaged near water. (Stealth+)))
You have tentacles for arms and can constrict up to eight enemies at once.


Message History

You kill the adder!
You feel sick.
You hit the gnoll. Your grab misses the gnoll. You squeeze the gnoll!
You kill the gnoll!
You feel sick.
A gnoll and a gnoll sergeant come into view.
You feel sick.
The gnoll moves out of view.
The gnoll sergeant moves out of view.
You see here a +0 whip.
You feel sick.
You feel sick.
You are no longer poisoned.
You see here a +0 whip.
You puncture the gnoll! Your grab misses the gnoll.
The gnoll is severely wounded.
The gnoll completely misses you.
You hit the gnoll but do no damage. You grab the gnoll.
The gnoll is severely wounded.
You constrict the gnoll.
The gnoll struggles to escape constriction.
A gnoll comes into view. It is wielding a +0 halberd.
The gnoll shouts!
You hit the gnoll but do no damage.
The gnoll is almost dead.
You constrict the gnoll.
You kill the gnoll!
You hit the gnoll but do no damage. You grab the gnoll.
You constrict the gnoll. The gnoll hits you with a +0 whip.
You hit the gnoll.
You squeeze the gnoll, but do no damage.
The gnoll is heavily wounded.
You constrict the gnoll. The gnoll hits you with a +0 whip!
* * * LOW HITPOINT WARNING * * *
Your shield prevents you from hitting the gnoll.
The gnoll is heavily wounded.
You constrict the gnoll. The gnoll misses you.
You hit the gnoll.
You kill the gnoll!
The gnoll hits you from afar with a +0 halberd!
You die...

##......... ...
..........#....
.................#
.............#..###
..(........).......
...................
..........gg######.
..##......#)# #.#..Z..
.....#.....@#### #.#....).
...............# #........
...............####........
..........................
........÷.<....#........
......†.............#.#
...............#......#
..##.......÷#.).....### ..
#.......##[÷.....# #


You could see 2 gnolls.

Vanquished Creatures
  A bullfrog skeleton (D:4)
  A hound (D:4)
  A jelly (D:4)
  Natasha (D:2)
  An orc wizard (D:3)
  7 adders
  6 gnolls
  3 dart slugs
  7 orcs
  5 ball pythons
  8 endoplasms
  5 giant cockroaches
  7 goblins
  6 hobgoblins
  4 jackals (D:4)
  A quokka (D:1)
  9 bats
  3 frilled lizards
  7 kobolds
  8 rats
91 creatures vanquished.

Notes
Turn   | Place    | Note
-------+----------+-------------------------------------------
     0 | D:1      | cheechan the Octopode Monk began the quest for the Orb.
     0 | D:1      | Reached XP level 1. HP: 16/16 MP: 1/1
   252 | D:1      | Reached XP level 2. HP: 21/21 MP: 2/2
   631 | D:1      | Reached skill level 3 in Stealth
   631 | D:1      | Reached XP level 3. HP: 25/26 MP: 3/3
   798 | D:1      | Found a faded altar of an unknown god.
  1232 | D:2      | Reached XP level 4. HP: 31/31 MP: 4/4
  1744 | D:3      | Noticed Natasha
  1754 | D:3      | Reached skill level 4 in Stealth
  2062 | D:2      | Killed Natasha
  2063 | D:2      | Reached XP level 5. HP: 9/36 MP: 5/5
  2776 | D:3      | Reached skill level 5 in Stealth
  3547 | D:4      | Reached skill level 1 in Shields
  3547 | D:4      | Reached XP level 6. HP: 41/43 MP: 6/6
  3916 | D:4      | Slain by a gnoll

Illustrated notes

Levels and vault maps discovered:
D:1:      dpeg_arrival_stone_temple_mockup, layout_loops_ring,
          hellmonk_ecumenical_altar_defaced_shrine
D:2:      layout_loops_ring
D:3:      wander_river, layout_basic, uniq_natasha
D:4:      layout_rooms, skrybe_limestone_x

Skill      XL: |  1  2  3  4  5 |
---------------+----------------+-----
Stealth        | 3 4 5 |  5.4
Short Blades   | 4 |  4.9
Shields        | 1 |  1.4
Fighting       | |  3.9
Dodging        | |  3.7

Action                   |  1- 3 |  4- 6 || total
-------------------------+-------+-------++-------
Melee: Short sword       |    49 |   126 ||   175
       Constrict         |    11 |    34 ||    45
       Tentacles         |     8 |    27 ||    35
  Use: Scroll            |     5 |     4 ||     9
 Stab: Sleeping          |    15 |     5 ||    20
       Distracted        |       |     1 ||     1
Armor: Skin              |     3 |     7 ||    10
Dodge: Dodged            |    22 |    46 ||    68
Block: Kite shield       |       |    45 ||    45

Table legend: (Time is in decaauts)
 A = Elapsed time spent in this place.
 B = Non-inter-level travel time spent in this place.
 C = Inter-level travel time spent in this place.
 D = Time resting spent in this place.
 E = Time spent auto-exploring this place.
 F = Levels seen in this place.
 G = Mean time per level.
                   A        B        C        D        E       F      G
               +--------+--------+--------+--------+--------+-----+--------+
         Total |   3941 |   3941 |      0 |   1358 |      0 |   4 |  985.2 |
       Dungeon |   3941 |   3941 |      0 |   1358 |      0 |   4 |  985.2 |
               +--------+--------+--------+--------+--------+-----+--------+

Top non-repeatable levels by time:
     D:2: 1392 daAuts
     D:3: 1217 daAuts
     D:1: 947 daAuts
     D:4: 383 daAuts
